 Dungeon Crawl Stone Soup version 0.30-a0-457-g4b7bca3bfa (webtiles) character file.

Game seed: 9311322350773200739

1297022 oldriver the Archmage (level 25, 195/205 HPs)
             Began as a Mummy Necromancer on Dec 11, 2022.
             Was a High Priest of Hepliaklqana.
             Escaped with the Orb
             ... and 3 runes on Dec 13, 2022!
             The game lasted 04:44:36 (122750 turns).

oldriver the Archmage (Mummy Necromancer)         Turns: 122750, Time: 04:44:36

Health: 195/205    AC: 29    Str: 21    XL:     25   Next: 87%
Magic:  35/63      EV: 12    Int: 40    God:    Hepliaklqana [*****.]
Gold:   4488       SH: 17    Dex: 18    Spells: 23/78 levels left

rFire   + . .      SeeInvis +    j - +4 scimitar "Zavaby" {pain, rF++ Str+2 SInv}
rCold   + . .      Faith    +    D - +5 kite shield {reflect}
rNeg    + + +      Spirit   .    L - +7 ring mail of Lifelessness {Str-2 Dex+8}
rPois   ∞          Reflect  +    V - +2 hat of Duty {MP+9 Int+6}
rElec   +          Harm     .    l - +4 dragonskin cloak
rCorr   +          Rampage  +    F - +2 pair of gloves "Suit" {rElec rN+ Will+ Stlth-}
Will    ++++.                    p - +2 pair of boots
Stlth   +.........               E - amulet of Xihutibluu {Acrobat Rampage rC- rCorr Str+3}
HPRegen 0.54/turn                K - ring "Piq Rani" {rC+ Str+3 Int+6 Dex-4}
MPRegen 0.38/turn                O - ring of Dutuk {rCorr Str+3 Int+4}

@: studying 2 skills
A: reduced essence, cold resistance 1, negative energy resistance 3, torment
resistance 2, heat vulnerability 1, in touch with death 2, no potions, faith
0: Orb of Zot
}: 3/15 runes: decaying, slimy, gossamer
a: Renounce Religion, Recall Ancestor, Ancestor Identity, Transference, Idealise


You escaped.
You worshipped Hepliaklqana.
Hepliaklqana was extremely pleased with you.
You visited 11 branches of the dungeon, and saw 54 of its levels.
You also visited: Ossuary and Volcano.

You collected 8659 gold pieces.
You spent 4171 gold pieces at shops.

Inventory:

Hand Weapons
 j - the +4 scimitar "Zavaby" (weapon) {pain, rF++ Str+2 SInv}
   (You took it off a deep elf demonologist on level 3 of the Elven Halls)

   In the hands of one skilled in necromantic magic, it inflicts extra damage on
   living creatures.
   Str:       It affects your strength (+2).
   rF:        It greatly protects you from fire.
   SInv:      It lets you see invisible.
 x - the +5 dagger "Toesch" {drain, rCorr Int+5}
   (You found it on level 4 of the Dungeon)

   A truly terrible weapon, it drains the life of any living foe it strikes.
   Int:       It affects your intelligence (+5).
   rCorr:     It protects you from acid and corrosion.
Missiles
 y - a throwing net
Armour
 l - the +4 dragonskin cloak (worn)
   (You took it off Tiamat on level 1 of the Realm of Zot)

   It grants the wearer a chance to resist fire, cold, poison, electricity,
   acid, and negative energy.
 p - a +2 pair of boots (worn)
 D - a +5 kite shield of reflection (worn)
 F - the +2 pair of gloves "Suit" (worn) {rElec rN+ Will+ Stlth-}
   (You acquired it on level 12 of the Dungeon)

   rElec:     It insulates you from electricity.
   rN:        It protects you from negative energy.
   Will:      It increases your willpower.
   Stlth:     It makes you less stealthy.
 L - the +7 ring mail of Lifelessness (worn) {Str-2 Dex+8}
   (You took it off a deep elf blademaster on level 3 of the Elven Halls)

   Str:       It affects your strength (-2).
   Dex:       It affects your dexterity (+8).
 V - the +2 hat of Duty (worn) {MP+9 Int+6}
   (You found it on level 3 of the Depths)

   Int:       It affects your intelligence (+6).
   MP:        It affects your magic capacity (+9).
Magical Staves
 d - a staff of earth
Jewellery
 E - the amulet of Xihutibluu (around neck) {Acrobat Rampage rC- rCorr Str+3}
   (You found it on level 4 of the Spider Nest)

   [amulet of the acrobat]

   It increases your evasion while moving and waiting.
   Str:       It affects your strength (+3).
   rC:        It makes you vulnerable to cold.
   rCorr:     It protects you from acid and corrosion.
   Rampage:   It bestows one free step when moving towards enemies.
 K - the ring "Piq Rani" (left hand) {rC+ Str+3 Int+6 Dex-4}
   (You took it off a deep elf blademaster on level 3 of the Elven Halls)

   [ring of intelligence]

   Str:       It affects your strength (+3).
   Int:       It affects your intelligence (+6).
   Dex:       It affects your dexterity (-4).
   rC:        It protects you from cold.
 O - the ring of Dutuk (right hand) {rCorr Str+3 Int+4}
   (You found it on level 5 of the Pits of Slime)

   [ring of resist corrosion]

   Str:       It affects your strength (+3).
   Int:       It affects your intelligence (+4).
   rCorr:     It protects you from acid and corrosion.
 U - a +4 ring of protection
 W - the ring of Agaaxaoj {rN+ Will+}
   (You found it on level 5 of the Pits of Slime)

   [ring of positive energy]

   rN:        It protects you from negative energy.
   Will:      It increases your willpower.
Wands
 a - a wand of flame (54)
 g - a wand of polymorph (27)
 i - a wand of digging (19)
 s - a wand of charming (74)
 u - a wand of acid (25)
 z - a wand of roots (45)
 B - a wand of mindburst (45)
Scrolls
 c - 3 scrolls of enchant armour
 e - 33 scrolls of identify
 f - 13 scrolls of magic mapping
 k - 8 scrolls of enchant weapon
 m - 6 scrolls of immolation
 n - 5 scrolls of blinking
 o - 7 scrolls of fear
 r - 17 scrolls of teleportation
 t - 13 scrolls of amnesia
 A - 6 scrolls of fog
 C - 3 scrolls of poison
 H - 2 scrolls of torment
 J - 2 scrolls of silence
 Y - a scroll of summoning
Miscellaneous
 b - a phial of floods
 P - a phantom mirror
 Q - a condenser vane
 R - a box of beasts
 T - a tin of tremorstones (2/2)


   Skills:
 + Level 25.4 Fighting
 - Level 12.0 Armour
 - Level 5.0 Dodging
 - Level 5.0 Stealth
 - Level 10.0 Shields
 O Level 27 Spellcasting
 - Level 12.0 Conjurations
 - Level 8.0 Hexes
 - Level 6.1 Necromancy
 - Level 7.1 Transmutations
 - Level 15.0 Earth Magic
 - Level 11.0 Invocations
 - Level 11.0 Evocations


You had 23 spell levels left.
You knew the following spells:

 Your Spells              Type           Power      Damage    Failure   Level
a - Stone Arrow           Conj/Erth      100%       3d13      0%          3
b - Vampiric Draining     Necr           100%       2d13      1%          3
c - Animate Dead          Necr           100%       N/A       1%          4
d - Magic Dart            Conj           100%       1d8       0%          1
h - Lehudib's Crystal Sp  Conj/Erth      52%        10d12     26%         8
i - Irradiate             Conj/Tmut      46%        3d27      1%          5
l - Lee's Rapid Deconstr  Erth           54%        3d25*     1%          5
p - Fulminant Prism       Conj/Hex       46%        3d21      1%          4
r - Searing Ray           Conj           100%       2d8       0%          2
s - Iron Shot             Conj/Erth      52%        9d10      1%          6
v - Borgnjor's Vile Clut  Necr/Erth      71%        N/A       1%          5
x - Iskenderun's Mystic   Conj/Tloc      80%        2d16      1%          4
y - Yara's Violent Unrav  Hex/Tmut       42%        3d17      1%          5

Your spell library contained the following spells:

 Spells                   Type           Power      Damage    Failure   Level
 Apportation              Tloc           100%       N/A       1%          1
 Foxfire                  Conj/Fire      100%       2x1d9     1%          1
 Freeze                   Ice            100%       1d10      1%          1
 Kiss of Death            Conj/Necr      100%       2d13      1%          1
 Necrotise                Necr           100%       1d9       1%          1
 Slow                     Hex            100%       N/A       1%          1
 Sting                    Tmut/Pois      100%       1d8       1%          1
 Poisonous Vapours        Pois/Air       100%       N/A       1%          2
 Scorch                   Fire           100%       2d10      1%          2
 Static Discharge         Conj/Air       100%       2-7/arc   1%          2
 Confusing Touch          Hex            87%        N/A       1%          3
 Dazzling Flash           Conj/Hex       100%       N/A       1%          3
 Hailstorm                Conj/Ice       80%        3d16      1%          3
 Ignite Poison            Fire/Tmut/Pois 64%        N/A       1%          3
 Inner Flame              Hex/Fire       72%        N/A       1%          3
 Summon Guardian Golem    Hex/Summ       72%        N/A       1%          3
 Tukima's Dance           Hex            87%        N/A       1%          3
 Animate Armour           Summ/Erth      100%       N/A       1%          4
 Cause Fear               Hex            43%        N/A       1%          4
 Flame Wave               Conj/Fire      80%        2d17      1%          4
 Leda's Liquefaction      Hex/Erth       49%        N/A       1%          4
 Petrify                  Tmut/Erth      97%        N/A       1%          4
 Sticky Flame             Conj/Fire      80%        2d9       1%          4
 Iskenderun's Battlesphe  Conj           100%       2d15      1%          5
 Agony                    Necr           100%       N/A       2%          5
 Arcjolt                  Conj/Air       40%        1d50      2%          5
 Fireball                 Conj/Fire      40%        3d16      2%          5
 Lightning Bolt           Conj/Air       40%        1d59      2%          5
 Call Canine Familiar     Summ           52%        N/A       3%          3
 Frozen Ramparts          Ice            100%       1d16      3%          3
 Kindle Blastsparks       Fire/Tloc/Air  100%       2d18      3%          3
 Ozocubu's Armour         Ice            52%        N/A       3%          3
 Vhi's Electric Charge    Tloc/Air       100%       N/A       3%          3
 Freezing Cloud           Conj/Ice/Air   36%        6-21      5%          5
 Metabolic Englaciation   Hex/Ice        36%        N/A       5%          5
 Alistair's Intoxication  Tmut/Pois      46%        N/A       6%          5
 Orb of Destruction       Conj           50%        9d13      6%          7
 Olgreb's Toxic Radiance  Pois           52%        N/A       10%         4
 Passage of Golubria      Tloc           52%        N/A       10%         4
 Death Channel            Necr           62%        N/A       12%         6
 Conjure Ball Lightning   Conj/Air       40%        3x3d14    13%         6
 Starburst                Conj/Fire      40%        6d11      13%         6
 Summon Forest            Summ/Tloc      26%        N/A       26%         5
 Eringya's Noxious Bog    Tmut/Pois      35%        N/A       34%         6
 Simulacrum               Ice/Necr       54%        N/A       38%         6
 Spellforged Servitor     Conj/Summ      40%        N/A       56%         7
 Summon Cactus Giant      Summ           26%        N/A       83%         6
 Summon Hydra             Summ           26%        N/A       100%        7
 Ignition                 Fire           26%        3d9       100%        8
 Maxwell's Capacitive Co  Air            26%        ∞         100%        8
 Summon Horrible Things   Summ           26%        N/A       100%        8
 Dragon's Call            Summ           26%        N/A       100%        9
 Beastly Appendage        Tmut           Unusable   N/A       N/A         1
 Sublimation of Blood     Necr           Unusable   N/A       N/A         2
 Blade Hands              Tmut           Unusable   N/A       N/A         5
 Statue Form              Tmut/Erth      Unusable   N/A       N/A         6
 Ice Form                 Ice/Tmut       Unusable   N/A       N/A         4
 Dragon Form              Tmut           Unusable   N/A       N/A         7
 Necromutation            Tmut/Necr      Unusable   N/A       N/A         8

Dungeon Overview and Level Annotations

Branches:
Dungeon (15/15)            Temple (0/1) D:5            Lair (5/5) D:10
  Swamp (4/4) Lair:2       Spider (4/4) Lair:3        Slime (5/5) Lair:5
    Orc (2/2) D:9             Elf (3/3) Orc:2        Vaults (4/5) D:14
  Crypt (3/3) Vaults:2       Tomb (0/3) Crypt:3      Depths (4/4) D:15
    Zot (5/5) Depths:4    Ossuary (visited)         Volcano (visited)

Altars:
Dithmenos
Fedhas
Gozag
Hepliaklqana
Kikubaaqudgha
Makhleb
Sif Muna
Uskayaw
Vehumet
Yredelemnul
Jiyva
Lugonu

Shops:
Orc:2 ?(=:   Elf:1 !   Vaults:4 =   Depths:1 **?((   Depths:3 (

Portals:
Hell: Depths:1 Depths:2 Depths:3 Depths:4
Abyss: Depths:3 Depths:4
Pandemonium: Depths:2
Ziggurat: Depths:4

Annotations:
D:6 2 runed translucent doors, osoart's ghost, novice SpVM
D:7 1 runed translucent door, Crazy Yiuf
D:15 1 runed translucent door
Lair:3 3 runed translucent doors, bigduke15's ghost, journeyman TrFi
Elf:1 3 runed translucent doors, Eveboq's ghost, adept HuCj; Sorrimu's ghost, adept DsDe
Elf:2 3 runed translucent doors
Elf:3 1 runed translucent door


Innate Abilities, Weirdness & Mutations

Your life essence is reduced to manifest your ancestor. (-10% HP)
You are immune to poison.
Your flesh is cold resistant. (rC+)
You are immune to negative energy. (rN+++)
You are immune to unholy pain and torment.
You are vulnerable to heat. (rF-)
You are strongly in touch with the powers of death.
You do not drink.
You have a special connection with the divine. (Faith)


Message History

Gnaeus mumbles some strange words.
Gnaeus seems to speed up.
The Brimstone Fiend gestures at you.
The sphere of damnation explodes!
The damnation engulfs you!!
The damnation engulfs Gnaeus!!!
The iron shot hits the Brimstone Fiend!!!
The Brimstone Fiend is heavily wounded.
The iron shot hits the Brimstone Fiend!!!
The Brimstone Fiend is almost dead.
Unknown command.
Gnaeus avoids your attack.
The iron shot hits the Brimstone Fiend!!!
You kill the Brimstone Fiend!
You swap places.
A large abomination comes into view.
Gnaeus gestures at the large abomination while chanting.
The bolt of magma hits the large abomination!!
The large abomination hits Gnaeus!
A rust devil comes into view.
Gnaeus barely misses the large abomination.
Gnaeus loses the glow of perfection.
Something closely misses Gnaeus.
Blink to where?
Press: ? - help, Dir - move target
As you read the scroll of blinking, it crumbles to dust.
Gnaeus is recalled.
You climb upwards.
There is a stone staircase leading down here.
You swap places.
There is a stone staircase leading up here.
You climb upwards.
There is a stone staircase leading down here.
There is a stone staircase leading up here.
You climb upwards.
There is a stone staircase leading down here.
Gnaeus is no longer moving quickly.
There is an open door here.
There is a large open door here.
There is a staircase leading out of the dungeon here.
You have escaped!

.....~≈~~~~~~~~≈~~~~~~~~~≈~~....#
##(..~≈≈≈≈≈≈≈~≈≈≈≈≈≈≈≈~≈≈≈≈~....#
#...~≈≈≈≈≈≈≈≈≈≈≈≈≈≈≈≈~≈≈≈≈~....#
##...~≈≈#'#+#≈≈≈≈≈≈≈#'#+#≈≈~....#
.....~≈≈'(..##+###'##...'≈≈~....#
.#...~≈≈'...#.......#!.)'≈≈~....#
.#...~≈≈#'###.#####.#'#'#≈≈~....#
.#...~~≈≈≈'...#...#...#≈≈≈~....##
.....~≈≈≈≈#.###.@R'.⌠.'~≈~..⌠..##
#....≈≈≈≈≈#.###...'.⌠.'≈~≈..⌠..##
##...~≈≈≈≈'...#...#...#≈≈≈~....##
#...≈≈≈#'###.#####.###+#≈≈~....#
#...~≈≈'...+.......'...'≈≈~.....
#...~≈≈'...##+###'##..>'≈≈~[..#.
#...~≈≈#'#+#≈≈≈≈≈≈≈#'#+#≈≈~...#.
##...~≈≈≈≈≈≈≈≈≈≈≈≈≈≈≈≈≈≈≈≈≈~...#.
##...~≈≈≈≈≈≈≈≈≈≈≈≈≈≈≈≈≈≈≈≈≈≈...#.


You could see the friendly Gnaeus the battlemage.

Vanquished Creatures
  A dread lich (Crypt:3)
  An ancient lich (Crypt:3)
  Tiamat (Zot:1)
  3 orbs of fire
  Vv (Depths:4)
  3 Killer Klowns
  the Lernaean hydra (Swamp:4)
  Margery (Crypt:1)
  2 curse toes
  Xtahua (Depths:4)
  6 golden dragons
  A caustic shrike (Depths:2)
  Nikola (Spider:1)
  A Brimstone Fiend (D:4)
  3 electric golems
  Rupert (D:15)
  2 hellephants (Zot:2)
  7 tentacled monstrosities
  2 liches
  Mlioglotl (Spider:2)
  19 Orb Guardians
  15 acid blobs
  A quicksilver dragon (Zot:1)
  A walking frostbound tome (Depths:1)
  4 deep elf master archers (Elf:3)
  The ghost of Midn8 the Impaler, an adept NaWn of Lugonu (Spider:4)
  2 deep elf blademasters (Elf:3)
  6 death cobs
  5 tengu reavers
  5 storm dragons
  3 sphinxes
  Gastronok (D:8)
  3 shadow dragons
  A thorn hunter (Swamp:3)
  2 revenants
  A draconian knight (Zot:1)
  2 emperor scorpions (Spider:3)
  12 azure jellies
  2 iron dragons
  10 rockslimes
  5 draconian monks
  5 frost giants
  A fenstrider witch (Swamp:1)
  4 fire giants
  Donald (Orc:2)
  2 balrugs
  3 deep elf sorcerers (Elf:3)
  2 deep elf elementalists (Elf:3)
  4 vault wardens (Vaults:2)
  3 ghost moths
  A cacodemon (Depths:1)
  2 draconian shifters (Zot:4)
  Aizul (Crypt:1)
  3 draconian scorchers
  2 draconian stormcallers
  5 ghouls (Crypt:2)
  2 curse skulls
  2 war gargoyles (Crypt:3)
  3 draconian annihilators
  9 quicksilver oozes
  A broodmother (Spider:2)
  8 ironbound preservers
  2 reapers (Crypt:2)
  9 stone giants
  2 eleionomae
  A caustic shrike skeleton (Crypt:2)
  7 green draconians
  2 juggernaut skeletons (Crypt:3)
  3 very ugly things (Depths:1)
  4 ironbound thunderhulks
  6 vampire knights
  2 black draconians
  5 spark wasps
  Azrael (Elf:1)
  6 deep elf demonologists
  7 red draconians
  7 deep elf annihilators (Elf:3)
  4 dire elephants
  A yellow draconian (Zot:1)
  9 white draconians
  The ghost of Seafoe the Spear-Bearer, a journeyman MiBe of Trog (Orc:1)
  A bunyip (Swamp:1)
  3 crystal guardians
  3 eidola (Crypt:2)
  4 purple draconians
  8 jiangshi
  Josephine (D:10)
  3 fire dragons
  4 deep elf death magi
  4 deep elf high priests (Elf:3)
  7 ettins
  An entropy weaver (Vaults:2)
  A servant of whispers (Vaults:1)
  A vault guard (Vaults:1)
  8 great orbs of eyes
  7 yaktaur captains
  A spriggan air mage (Depths:2)
  3 ironbound frosthearts (Vaults:2)
  3 peacekeepers
  16 hydras
  A radroach (Spider:2)
  11 centaur warriors
  An ice dragon (Depths:4)
  A merfolk avatar (Lair:5)
  4 alligators
  5 ogre magi
  A spriggan skeleton (Crypt:3)
  8 deep troll shamans
  8 dancing weapons
  2 death knights (Crypt:2)
  6 boulder beetles
  A hell hog (D:12)
  21 two-headed ogres
  Urug (Orc:2)
  2 orc high priests
  4 deep troll earth magi
  4 vampire magi
  3 tengu warriors
  11 spriggans
  5 death yaks (Lair:5)
  A spriggan berserker (Depths:1)
  2 titan skeletons (Depths:2)
  A soul eater (Crypt:2)
  7 deep elf knights
  13 hell knights
  6 sun demons
  3 iron trolls
  24 skeletal warriors
  4 goliath frogs
  A shadow wraith (Crypt:2)
  A sun moth (Spider:3)
  A sea snake (shapeshifter) (D:15)
  A death drake (shapeshifter) (Vaults:2)
  3 pharaoh ants
  4 flayed ghosts
  2 spriggan druids (Swamp:3)
  25 deep trolls
  3 steelbarb worms
  7 bog bodies
  7 swamp dragons (Swamp:4)
  9 ironbound convokers
  2 glowing orange brains
  3 phantasmal warriors
  5 orb spiders
  7 necromancers
  7 deep elf archers
  2 lindwurms (Vaults:1)
  8 wizards
  18 deep elf pyromancers
  4 orc knights
  3 harpies (Vaults:1)
  8 deep elf zephyrmancers
  10 ugly things
  12 wolf spiders
  A tengu skeleton (Crypt:3)
  2 will-o-the-wisps
  A salamander (Volcano)
  3 manticores
  4 orc sorcerers
  An eleionoma zombie (Crypt:1)
  8 shining eyes
  19 moths of wrath
  2 cyclopes (D:12)
  A frost giant skeleton (Depths:2)
  2 stone giant skeletons
  Joseph (D:8)
  8 elephants
  12 vault sentinels
  2 black mambas (Lair:1)
  3 torpor snails
  A guardian serpent (shapeshifter) (D:15)
  A naga skeleton (Crypt:3)
  5 gargoyles
  A green draconian zombie (Crypt:1)
  6 smoke demons (Crypt:3)
  3 demonic crawlers
  A dire elephant skeleton (Crypt:3)
  4 cane toads
  A hellion (Zot:1)
  2 rime drakes (Lair:5)
  20 yaktaurs
  A freezing wraith (Crypt:2)
  3 komodo dragons
  5 red devils (Crypt:3)
  An efreet (D:13)
  2 guardian mummies (Crypt:3)
  A grey draconian skeleton (Crypt:2)
  4 tengu conjurers
  A wind drake (shapeshifter) (D:15)
  A bloated husk (Swamp:3)
  3 blink frogs
  6 tyrant leeches
  4 meliai
  7 trolls
  Grinder (D:6)
  A harpy zombie (Crypt:2)
  A tarantella (shapeshifter) (D:13)
  21 tarantellas
  A hornet (shapeshifter) (D:13)
  76 slime creatures
  2 polar bears (Lair:5)
  3 saltlings (Vaults:1)
  A sphinx simulacrum (Depths:2)
  A blink frog (shapeshifter) (Depths:2)
  11 hornets
  A meliai zombie (Crypt:2)
  A snapping turtle (Lair:5)
  A fire dragon skeleton (Crypt:2)
  7 jumping spiders
  A shadow (Crypt:3)
  21 yaks
  4 water elementals
  An ushabti (Crypt:3)
  Sigmund (D:2)
  An air elemental (Elf:1)
  8 wraiths
  A vampire (D:11)
  15 culicivoras
  5 flying skulls
  2 wyverns
  A human (Zot:2)
  A golden eye (Slime:5)
  3 basilisks
  4 fire elementals
  31 redbacks
  A steam dragon (Lair:5)
  6 vampire mosquitoes
  2 chaos spawn
  4 wargs
  8 swamp worms
  A glowing shapeshifter zombie (Vaults:2)
  11 water moccasins
  An acid dragon (D:11)
  2 floating eyes
  A hell hound (Elf:1)
  2 black bears
  16 orc warriors
  8 swamp drakes
  A water nymph skeleton (Crypt:1)
  A sky beast (D:7)
  25 ogres
  An ettin simulacrum (Vaults:2)
  13 wolves
  2 boggarts (Vaults:2)
  3 centaurs
  3 lemures (D:8)
  A phantom (D:4)
  An elf zombie (D:6)
  2 earth elementals
  2 necrophages (Crypt:2)
  3 bullfrogs
  A gnoll sergeant (D:5)
  A scorpion (D:5)
  2 elf skeletons
  3 wights (D:9)
  2 yak zombies (Lair:1)
  7 killer bees (D:9)
  An electric eel (Lair:2)
  A polar bear skeleton (Crypt:2)
  A howler monkey (D:14)
  2 centaur zombies (Ossuary)
  A lava snake (D:7)
  A bullfrog zombie (Crypt:1)
  2 human zombies (D:6)
  3 jellies
  2 gnoll boudas
  11 orc priests
  Jessica (D:3)
  3 human skeletons
  5 iguanas
  19 orc wizards
  A boggart simulacrum (D:15)
  9 mummies (Crypt:3)
  Robin (D:3)
  13 adders
  15 gnolls
  2 white imps
  3 ufetubi
  An adder zombie (Ossuary)
  A lava snake skeleton (Crypt:1)
  2 worms (D:2)
  5 dart slugs
  47 orcs
  6 ball pythons
  4 bats
  4 endoplasms
  3 giant cockroaches
  9 hobgoblins
  6 jackals (D:3)
  2 quokkas (D:1)
  4 frilled lizards
  16 goblins
  A goblin zombie (Ossuary)
  6 hobgoblin zombies (Ossuary)
  8 kobolds
  9 kobold zombies (Ossuary)
  An orc skeleton (D:6)
  5 orc zombies (Ossuary)
  4 rats
  2 rat zombies (Ossuary)
  9 fulminant prisms
1449 creatures vanquished.

Vanquished Creatures (collateral kills)
  the Royal Jelly (Slime:5)
  An ancient lich (Zot:5)
  4 orbs of fire
  A dread lich (Crypt:3)
  Mennas (Crypt:2)
  3 Killer Klowns
  Saint Roka (Depths:4)
  4 golden dragons
  A bone dragon (Crypt:3)
  A hellephant (Zot:2)
  An electric golem (Zot:4)
  8 Orb Guardians (Zot:5)
  3 tentacled monstrosities
  A walking crystal tome (Depths:2)
  A walking divine tome (Depths:2)
  A lich (Crypt:2)
  3 quicksilver dragons
  2 death cobs
  A deep elf blademaster (Elf:3)
  11 acid blobs
  2 sphinxes
  4 draconian monks
  3 shadow dragons
  5 azure jellies
  A tengu reaver (Depths:2)
  7 storm dragons
  4 rockslimes (Slime:5)
  3 fire giants (Depths:2)
  A draconian knight (Zot:4)
  4 deep elf sorcerers (Elf:3)
  An emperor scorpion (Spider:4)
  2 draconian scorchers
  7 frost giants
  2 vault wardens
  5 ghost moths
  An orc warlord (Vaults:3)
  2 curse skulls
  2 draconian shifters (Zot:1)
  6 draconian stormcallers
  A draconian annihilator (Zot:4)
  A demonspawn corrupter (Depths:1)
  5 ghouls (Crypt:2)
  3 quicksilver oozes
  3 ironbound preservers
  3 vampire knights
  2 war gargoyles
  4 very ugly things (Depths:1)
  A juggernaut skeleton (Crypt:2)
  An ironbound thunderhulk (Vaults:4)
  5 stone giants
  5 green draconians
  A broodmother (Spider:4)
  8 black draconians
  5 deep elf demonologists (Elf:3)
  2 dire elephants
  An eleionoma (Swamp:2)
  8 red draconians
  5 yellow draconians
  2 deep elf annihilators
  5 purple draconians
  2 white draconians (Zot:3)
  6 ettins
  A merfolk javelineer (Depths:4)
  A crystal guardian (Vaults:2)
  4 deep elf death magi
  4 fire dragons
  4 jiangshi
  2 spriggan zombies
  2 deep elf high priests (Elf:3)
  5 great orbs of eyes
  A yaktaur captain (Vaults:1)
  A rakshasa (Depths:1)
  An entropy weaver (Spider:1)
  An ice dragon (Depths:3)
  An ogre mage (D:15)
  6 hydras
  A quicksilver dragon skeleton (Crypt:1)
  2 radroaches (Spider:4)
  4 centaur warriors
  2 ironbound frosthearts
  A catoblepas (Lair:3)
  11 dancing weapons
  3 two-headed ogres (Orc:2)
  2 alligators
  6 boulder beetles
  3 tengu warriors
  3 deep troll shamans
  3 vampire magi
  2 hell hogs (D:12)
  An orc high priest (Elf:1)
  2 titan zombies
  9 hell knights
  Nergalle (Lair:2)
  5 spriggan berserkers
  A sun demon (D:4)
  A soul eater (Crypt:2)
  3 pharaoh ants
  8 skeletal warriors
  2 flayed ghosts (Crypt:2)
  A golden dragon zombie (Depths:2)
  A sea snake (Lair:5)
  A storm dragon skeleton (Crypt:1)
  3 deep elf knights
  4 iron trolls
  2 goliath frogs
  2 steelbarb worms
  3 swamp dragons (Swamp:4)
  15 deep trolls
  2 glowing orange brains
  A salamander mystic (Volcano)
  A spriggan druid (Swamp:4)
  A bog body (Lair:2)
  3 orb spiders
  A cherub (Depths:4)
  3 lindwurms
  A bunyip skeleton (Crypt:3)
  3 necromancers
  3 phantasmal warriors
  3 deep elf pyromancers
  2 wizards
  2 ironbound convokers
  Pikel (D:8)
  5 orc knights (Vaults:3)
  A harpy (Lair:5)
  A frost giant zombie (Crypt:1)
  A manticore (D:15)
  4 wolf spiders
  A cyclops (D:13)
  5 deep elf zephyrmancers
  2 will-o-the-wisps
  A fire giant zombie (Depths:2)
  11 ugly things
  3 black mambas
  9 moths of wrath
  4 elephants
  3 vault sentinels (Vaults:1)
  3 salamanders (Volcano)
  A torpor snail (Spider:3)
  7 cane toads
  2 naga skeletons (Crypt:3)
  A black draconian zombie (Crypt:1)
  An unseen horror (D:11)
  A dire elephant skeleton (Crypt:2)
  3 komodo dragons
  2 demonic crawlers
  A freezing wraith (Crypt:1)
  12 yaktaurs
  2 trolls
  A polar bear (shapeshifter) (Depths:2)
  A tengu simulacrum (Vaults:2)
  A wind drake (Lair:5)
  2 polar bears
  A harpy skeleton (Crypt:2)
  A tyrant leech (Swamp:4)
  A wind drake (shapeshifter) (Depths:3)
  7 tarantellas
  7 blink frogs
  A hornet (Swamp:4)
  57 slime creatures
  A snapping turtle (Lair:5)
  An ettin zombie (Crypt:2)
  A dream sheep (Lair:3)
  5 jumping spiders
  2 flying skulls (Crypt:1)
  An air elemental (Elf:1)
  8 culicivoras
  3 spriggans
  6 wraiths
  2 shadows
  4 humans (Zot:2)
  A dire elephant simulacrum (Crypt:2)
  4 water elementals (Depths:4)
  2 fire elementals
  5 wyverns
  12 yaks
  4 redbacks
  3 vampire mosquitoes (Swamp:1)
  A deep troll zombie (Crypt:1)
  A warg (D:10)
  Edmund (D:6)
  4 swamp worms
  A demonspawn skeleton (Crypt:2)
  A floating eye (Slime:2)
  4 hell hounds (Elf:1)
  6 orc warriors
  6 water moccasins
  A swamp drake (Swamp:4)
  2 human skeletons (Vaults:2)
  An ice beast (D:6)
  3 boggarts (Vaults:2)
  16 wolves
  8 ogres
  2 centaurs
  A lemure (D:8)
  A battlemage (Spider:2)
  A kobold brigand (D:8)
  6 bullfrogs
  An elf zombie (Ossuary)
  2 gnoll sergeants
  An earth elemental (Elf:3)
  A vine stalker zombie (Crypt:2)
  2 necrophages (Crypt:2)
  A wyvern skeleton (Crypt:2)
  2 wights (D:9)
  2 killer bees (D:9)
  An electric eel (Lair:2)
  3 howler monkeys
  2 centaur zombies (Ossuary)
  2 gnoll boudas
  A human zombie (Ossuary)
  A jelly (D:7)
  4 orc priests
  6 orc wizards
  2 mummies (Ossuary)
  A swamp drake zombie (Crypt:2)
  18 gnolls
  An ufetubus (D:7)
  8 orcs
  A goblin (D:3)
  3 kobolds (D:8)
  A frilled lizard zombie (Crypt:2)
  3 goblin zombies (Ossuary)
  2 hobgoblin zombies (Ossuary)
  A kobold zombie (Ossuary)
  An orc zombie (Ossuary)
  A rat (D:3)
734 creatures vanquished.

Vanquished Creatures (others)
  A draconian scorcher (Zot:4)
  A peacekeeper (Vaults:2)
  A bloated husk (Swamp:3)
  A jumping spider (Spider:3)
  A yak zombie (Lair:1)
  112 battlemagi
  An ancestor (D:5)
  A gnoll zombie (D:5)
  4 foxfires (Swamp:2)
  732 fulminant prisms
  60 fungi
  105 plants
  54 withered plants
1074 creatures vanquished.

Grand Total: 3257 creatures vanquished

Notes
Turn   | Place    | Note
-------+----------+-------------------------------------------
     0 | D:1      | oldriver the Mummy Necromancer began the quest for the Orb.
     0 | D:1      | Reached XP level 1. HP: 13/13 MP: 4/4
   339 | D:1      | Reached skill level 3 in Spellcasting
   446 | D:1      | Reached skill level 1 in Fighting
   446 | D:1      | Reached XP level 2. HP: 21/21 MP: 0/6
  1148 | D:2      | Found a faded altar of an unknown god.
  1381 | D:2      | Gained mutation: You are in touch with the powers of death.
                  | [Mummy growth]
  1381 | D:2      | Reached XP level 3. HP: 24/27 MP: 1/8
  1499 | D:2      | Reached skill level 4 in Spellcasting
  1678 | D:2      | Noticed Sigmund
  1812 | D:2      | Reached XP level 4. HP: 34/34 MP: 0/10
  2287 | D:2      | Killed Sigmund
  2288 | D:2      | Reached skill level 5 in Spellcasting
  2288 | D:2      | Reached XP level 5. HP: 23/42 MP: 3/13
  2680 | D:3      | Learned a level 3 spell: Vampiric Draining
  2685 | D:3      | Learned a level 4 spell: Animate Dead
  2876 | D:3      | Noticed Robin
  2889 | D:3      | Reached XP level 6. HP: 48/48 MP: 9/14
  2917 | D:3      | Killed Robin
  3071 | D:3      | Identified the +1 robe of Zudov {Dex+3}
  3547 | D:3      | Found a hide-covered altar of Uskayaw.
  3595 | D:3      | Noticed Jessica
  3614 | D:3      | Killed Jessica
  3615 | D:3      | Reached skill level 6 in Spellcasting
  4348 | D:4      | Learned a level 2 spell: Searing Ray
  4625 | D:4      | Found a hazy altar of Hepliaklqana.
  4753 | D:4      | Became a worshipper of Hepliaklqana the Forgotten
  4948 | D:4      | Identified the +5 dagger "Toesch" {drain, rCorr Int+5}
  5229 | D:4      | Reached XP level 7. HP: 53/55 MP: 12/16
  5518 | D:5      | Entered Level 5 of the Dungeon
  5582 | D:5      | Found a staircase to the Ecumenical Temple.
  5704 | D:5      | Reached skill level 1 in Conjurations
  5926 | D:5      | Reached skill level 5 in Fighting
  5967 | D:5      | Reached skill level 5 in Necromancy
  6048 | D:5      | Reached * piety under Hepliaklqana
  6109 | D:5      | Found Madaaz's Vocational Training.
  6119 | D:5      | Reached skill level 7 in Spellcasting
  6504 | D:5      | Reached XP level 8. HP: 26/56 MP: 4/19
  6734 | D:5      | Found a shimmering blue altar of Sif Muna.
  7021 | D:6      | Noticed osoart's ghost (novice SpVM)
  7021 | D:6      | Found a large runed translucent door.
  7021 | D:6      | Found a large runed translucent door.
  7025 | D:6      | Identified a scroll of acquirement
  7026 | D:6      | Acquired the +0 pair of gloves of Unambiguity {rF+ Dex+5}
  7046 | D:6      | Noticed Grinder
  7069 | D:6      | Killed Grinder
  7070 | D:6      | Reached skill level 8 in Spellcasting
  7190 | D:6      | Found a sand-covered staircase.
  7198 | Ossuary  | Entered an ossuary
  7513 | Ossuary  | Reached ** piety under Hepliaklqana
  7540 | Ossuary  | Learned a level 4 spell: Fulminant Prism
  7542 | Ossuary  | Learned a level 1 spell: Magic Dart
  7542 | Ossuary  | Remembered your ancestor Gnaeus as a battlemage
  8209 | D:6      | Noticed Edmund
  8215 | D:6      | Killed Edmund
  8216 | D:6      | Reached XP level 9. HP: 57/64 MP: 14/21
  8317 | D:6      | Reached skill level 9 in Spellcasting
  8712 | D:6      | Reached skill level 1 in Armour
  9233 | D:7      | Found an opulent altar of Gozag.
  9286 | D:7      | Found a runed translucent door.
  9287 | D:7      | Noticed Crazy Yiuf
  9742 | D:7      | Reached *** piety under Hepliaklqana
  9892 | D:7      | Reached skill level 5 in Conjurations
 10293 | D:8      | Noticed Gastronok
 10322 | D:8      | Killed Gastronok
 10323 | D:8      | Reached skill level 10 in Spellcasting
 10323 | D:8      | Reached XP level 10. HP: 32/72 MP: 5/24
 10470 | D:8      | Noticed Joseph
 10486 | D:8      | Killed Joseph
 10608 | D:8      | Noticed Pikel
 10610 | D:8      | Noticed a two-headed ogre
 11194 | D:8      | Killed a two-headed ogre
 11201 | D:8      | Killed Pikel
 11335 | D:8      | Found an ancient bone altar of Kikubaaqudgha.
 11627 | D:9      | You fall into a shaft and drop 3 floors!
 11648 | D:12     | Reached skill level 11 in Spellcasting
 11760 | D:10     | Entered Level 10 of the Dungeon
 11850 | D:10     | Reached **** piety under Hepliaklqana
 11990 | D:10     | Reached XP level 11. HP: 80/80 MP: 9/26
 12080 | D:10     | Found a staircase to the Lair.
 12160 | D:10     | Noticed Josephine
 12166 | D:10     | Killed Josephine
 12197 | D:10     | Reached skill level 5 in Hexes
 12272 | D:10     | Reached skill level 12 in Spellcasting
 12477 | D:10     | Noticed a two-headed ogre
 12492 | D:10     | Killed a two-headed ogre
 12493 | D:10     | Reached skill level 10 in Fighting
 12897 | D:9      | Found a staircase to the Orcish Mines.
 12904 | D:9      | Learned a level 5 spell: Irradiate
 13770 | Lair:1   | Entered Level 1 of the Lair of Beasts
 14242 | Lair:1   | Reached skill level 1 in Transmutations
 14309 | Lair:1   | Reached ***** piety under Hepliaklqana
 14430 | Lair:1   | Noticed a boulder beetle
 14508 | Lair:1   | Killed a boulder beetle
 14509 | Lair:1   | Reached XP level 12. HP: 81/88 MP: 1/28
 15570 | Lair:1   | Reached skill level 13 in Spellcasting
 16886 | Lair:2   | Found a staircase to the Swamp.
 17211 | Lair:2   | Noticed Nergalle
 17216 | Lair:2   | Killed Nergalle
 17724 | Lair:3   | Found a runed translucent gate.
 17724 | Lair:3   | Found a runed translucent gate.
 17726 | Lair:3   | Noticed a death yak
 17726 | Lair:3   | Noticed bigduke15's ghost (journeyman TrFi)
 17727 | Lair:3   | Found a runed translucent gate.
 18360 | Lair:3   | Found a hole to the Spider Nest.
 18453 | Lair:3   | Noticed a six-headed hydra
 18458 | Lair:3   | Killed a six-headed hydra
 18589 | Lair:3   | Noticed a catoblepas
 18599 | Lair:3   | Killed a catoblepas
 18600 | Lair:3   | Noticed an eight-headed hydra
 18607 | Lair:3   | Killed an eight-headed hydra
 18608 | Lair:3   | Reached skill level 5 in Stealth
 18608 | Lair:3   | Gained mutation: You are strongly in touch with the powers
                  | of death. [Mummy growth]
 18608 | Lair:3   | Reached XP level 13. HP: 95/95 MP: 3/30
 19735 | Lair:4   | You fall into a shaft and drop 1 floor!
 19735 | Lair:5   | Entered Level 5 of the Lair of Beasts
 19738 | Lair:5   | Reached ****** piety under Hepliaklqana
 19759 | Lair:5   | Found a dark tunnel.
 19789 | Volcano  | Entered a volcano
 19856 | Volcano  | Reached skill level 5 in Dodging
 19859 | Volcano  | Reached skill level 5 in Armour
 19865 | Volcano  | Noticed a red draconian
 20036 | Lair:5   | Reached skill level 14 in Spellcasting
 20891 | Lair:5   | Reached skill level 15 in Spellcasting
 21108 | Lair:5   | Found a staircase to the Slime Pits.
 23076 | Lair:5   | Reached XP level 14. HP: 106/106 MP: 6/33
 23617 | Orc:1    | Entered Level 1 of the Orcish Mines
 23866 | Orc:1    | Upgraded the game from 0.30-a0-439-g9e77e4d916 to
                  | 0.30-a0-451-ge042605de7
 24008 | Orc:2    | Entered Level 2 of the Orcish Mines
 24011 | Orc:2    | Noticed Urug
 24018 | Orc:2    | Killed Urug
 24691 | Orc:2    | Reached skill level 16 in Spellcasting
 25360 | Orc:2    | Found a staircase to the Elven Halls.
 25404 | Orc:2    | Noticed Donald
 25410 | Orc:2    | Killed Donald
 25513 | Orc:2    | Reached skill level 5 in Transmutations
 25715 | Orc:2    | Reached skill level 1 in Shields
 25723 | Orc:2    | Reached skill level 10 in Conjurations
 26067 | Orc:2    | Found Wieddugh's Weapon Shoppe.
 26067 | Orc:2    | Found Xeyst's Book Boutique.
 26068 | Orc:2    | Found Lewkon's Magic Scroll Shop.
 26068 | Orc:2    | Found Ihe Ytet's Jewellery Shoppe.
 26285 | Orc:2    | Bought a scroll of teleportation for 48 gold pieces
 26285 | Orc:2    | Bought a scroll of fog for 64 gold pieces
 26285 | Orc:2    | Bought a scroll of summoning for 152 gold pieces
 26295 | Orc:2    | Bought an amulet of the acrobat for 360 gold pieces
 26455 | Orc:1    | Found a runed translucent door.
 26457 | Orc:1    | Noticed Seafoe's ghost (journeyman MiBe)
 26753 | D:10     | Found a basalt altar of Yredelemnul.
 26767 | D:10     | Found a blossoming altar of Fedhas.
 29421 | D:12     | Acquired the +2 pair of gloves "Suit" {rElec rN+ Will+
                  | Stlth-}
 29514 | Orc:2    | Bought a ring of protection from fire for 300 gold pieces
 29636 | Spider:1 | Entered Level 1 of the Spider Nest
 29688 | Spider:1 | Reached XP level 15. HP: 113/113 MP: 27/35
 29690 | Spider:1 | Reached skill level 1 in Invocations
 30308 | Spider:1 | Noticed Nikola
 30321 | Spider:1 | Killed Nikola
 30322 | Spider:1 | Reached skill level 17 in Spellcasting
 31053 | Spider:2 | Noticed Mlioglotl
 31878 | Spider:2 | Noticed a lich
 32382 | Spider:2 | Killed Mlioglotl
 33256 | Swamp:1  | Entered Level 1 of the Swamp
 33872 | Swamp:1  | Noticed a fenstrider witch
 33883 | Swamp:1  | Killed a fenstrider witch
 34579 | Swamp:2  | Reached skill level 5 in Shields
 35609 | Swamp:2  | Learned a level 5 spell: Yara's Violent Unravelling
 35677 | Swamp:3  | Noticed a thorn hunter
 35748 | Swamp:3  | Killed a thorn hunter
 35758 | Swamp:3  | Reached skill level 15 in Fighting
 36098 | Swamp:3  | Reached XP level 16. HP: 95/122 MP: 26/37
 36325 | Swamp:3  | Reached skill level 5 in Invocations
 36571 | Swamp:4  | Entered Level 4 of the Swamp
 36668 | Swamp:4  | Reached skill level 18 in Spellcasting
 37591 | Swamp:4  | Noticed the 27-headed Lernaean hydra
 37842 | Swamp:4  | Killed the 27-headed Lernaean hydra
 38612 | Swamp:4  | Got a decaying rune of Zot
 41240 | Spider:4 | Entered Level 4 of the Spider Nest
 41628 | Spider:4 | Identified the +4 war axe of Alaelup {vorpal, rN+ rCorr
                  | Stlth+}
 41946 | Spider:4 | Reached XP level 17. HP: 128/128 MP: 34/39
 42370 | Spider:4 | Identified the +5 shortbow of Cheese {flame, SInv}
 42403 | Spider:4 | Found a runed translucent door.
 42403 | Spider:4 | Noticed Midn8's ghost (adept NaWn)
 43838 | D:13     | Found a basalt altar of Yredelemnul.
 44402 | D:13     | Reached skill level 19 in Spellcasting
 44806 | D:14     | Found a gate to the Vaults.
 44894 | D:14     | Identified the +1 robe of Narrow Freedom {Rampage SInv}
 47051 | Spider:4 | Got a gossamer rune of Zot
 47341 | Orc:2    | Bought Great Wizards, Vol. II for 646 gold pieces
 47348 | Orc:2    | Learned a level 6 spell: Iron Shot
 47354 | Orc:2    | Learned a level 5 spell: Borgnjor's Vile Clutch
 47479 | D:15     | Entered Level 15 of the Dungeon
 47788 | D:15     | Noticed Rupert
 47812 | D:15     | Reached skill level 1 in Earth Magic
 48140 | D:15     | Killed Rupert
 48734 | D:15     | Found a staircase to the Depths.
 48765 | D:15     | Found a shadowy altar of Dithmenos.
 49260 | D:15     | Found a runed translucent door.
 49811 | Spider:4 | Killed Midn8's ghost
 49915 | Spider:4 | Identified the amulet of Xihutibluu {Acrobat Rampage rC-
                  | rCorr Str+3}
 50127 | Elf:1    | Entered Level 1 of the Elven Halls
 50322 | Elf:1    | Found a runed translucent gate.
 50323 | Elf:1    | Found a runed translucent gate.
 50324 | Elf:1    | Found a runed translucent gate.
 50629 | Elf:1    | Paralysed by an air elemental for 1 turns
 50718 | Elf:1    | Noticed Sorrimu's ghost (adept DsDe)
 50718 | Elf:1    | Noticed Eveboq's ghost (adept HuCj)
 50760 | Elf:1    | Found Ikeppe's Distillery.
 50823 | Elf:1    | You fall into a shaft and drop 1 floor!
 51109 | Elf:2    | Learned a level 3 spell: Stone Arrow
 51357 | Elf:1    | Reached skill level 20 in Spellcasting
 51434 | Elf:1    | Reached XP level 18. HP: 137/137 MP: 33/42
 51657 | Elf:1    | Got the Meditations on Hurting
 51694 | Elf:1    | Noticed an Ice Fiend
 51914 | Elf:2    | Identified the +3 kite shield of Divine Wonder {Regen+}
 52476 | Elf:2    | Found a runed translucent gate.
 52477 | Elf:2    | Found a runed translucent gate.
 52477 | Elf:2    | Found a runed translucent gate.
 52522 | Elf:3    | Entered Level 3 of the Elven Halls
 53367 | Elf:3    | Reached skill level 5 in Earth Magic
 54366 | Elf:3    | Found a runed translucent door.
 54390 | Elf:3    | Identified the +7 ring mail of Lifelessness {Str-2 Dex+8}
 54390 | Elf:3    | Identified the ring "Piq Rani" {rC+ Str+3 Int+6 Dex-4}
 55586 | Elf:3    | Identified the +4 lajatang "Xyasiner" {freeze, Drain Will++
                  | Dex+5}
 55602 | Elf:3    | Identified the +4 scimitar "Zavaby" {pain, rF++ Str+2 SInv}
 56139 | Elf:3    | Identified the +11 halberd "Douv" {freeze, rC+}
 56297 | Elf:3    | Reached skill level 21 in Spellcasting
 56392 | Elf:3    | Identified the +0 helmet of the Stag {rElec rF+}
 56867 | Elf:3    | Learned a level 5 spell: Lee's Rapid Deconstruction
 57011 | Elf:3    | Got Qemeopyr's Compilation of the Entourage and
                  | Metamorphosis
 57073 | Elf:3    | Identified the +10 great mace of the Inviting Gods {elec,
                  | *Slow Str+6 Dex+3}
 57147 | Elf:3    | Upgraded the game from 0.30-a0-451-ge042605de7 to
                  | 0.30-a0-457-g4b7bca3bfa
 57613 | Elf:1    | Noticed Azrael
 57627 | Elf:1    | Killed Azrael
 58057 | Vaults:1 | Entered Level 1 of the Vaults
 58101 | Vaults:1 | Reached XP level 19. HP: 95/146 MP: 2/44
 62159 | Vaults:2 | Acquired 718 gold pieces
 62731 | Vaults:2 | Found a basalt altar of Yredelemnul.
 63079 | Vaults:2 | Found a staircase to the Crypt.
 63080 | Vaults:2 | Found an ancient bone altar of Kikubaaqudgha.
 65874 | Vaults:3 | Reached XP level 20. HP: 126/154 MP: 16/45
 68944 | Vaults:3 | Reached skill level 22 in Spellcasting
 69141 | Vaults:4 | Reached skill level 10 in Earth Magic
 70247 | Vaults:4 | Found a radiant altar of Vehumet.
 70313 | Vaults:4 | Identified the +2 robe of Iffuf {*Slow rPois rC+++ rN+}
 70569 | Vaults:4 | Found Atech's Jewellery Emporium.
 71920 | Crypt:1  | Entered Level 1 of the Crypt
 71935 | Crypt:1  | Noticed Margery
 71942 | Crypt:1  | Killed Margery
 73585 | Crypt:1  | Noticed Aizul
 73589 | Crypt:1  | Killed Aizul
 74269 | Orc:1    | Killed Seafoe's ghost
 76386 | Crypt:2  | Reached XP level 21. HP: 162/162 MP: 12/47
 76772 | Crypt:2  | Noticed Mennas
 77138 | Crypt:2  | Reached skill level 23 in Spellcasting
 79325 | Crypt:2  | Killed Mennas
 80370 | Crypt:2  | Found a burning altar of Makhleb.
 80478 | Crypt:3  | Entered Level 3 of the Crypt
 81682 | Crypt:3  | Reached skill level 10 in Armour
 81883 | Crypt:3  | Got Lerpheept's Folio of Production and Transfiguration
 81885 | Crypt:3  | Identified the amulet "Biedd" {Spirit Dex+4}
 83292 | Crypt:3  | Found an ancient bone altar of Kikubaaqudgha.
 83294 | Crypt:3  | Noticed a dread lich
 83296 | Crypt:3  | Noticed an ancient lich
 83302 | Crypt:3  | Killed a dread lich
 83305 | Crypt:3  | Killed an ancient lich
 83535 | Crypt:3  | Noticed a dread lich
 83541 | Crypt:3  | Killed a dread lich
 84118 | Crypt:3  | Found a staircase to the Tomb.
 84119 | Crypt:3  | Found the +10 Black Knight's barding {ponderous, rPois rN+}
 84804 | Slime:1  | Entered Level 1 of the Pits of Slime
 86012 | Slime:2  | Reached XP level 22. HP: 148/171 MP: 20/49
 88068 | Slime:4  | Reached skill level 24 in Spellcasting
 88923 | Slime:5  | Entered Level 5 of the Pits of Slime
 90003 | Slime:5  | Noticed the Royal Jelly
 90430 | Slime:5  | Found a viscous altar of Jiyva.
 90766 | D:5      | Bought a manual of Evocations for 1040 gold pieces
 90766 | D:5      | Bought a manual of Invocations for 1040 gold pieces
 90969 | Depths:1 | Entered Level 1 of the Depths
 91053 | Depths:1 | Reached skill level 1 in Evocations
 91202 | Depths:1 | Found Zopehux's Antique Weapon Shop.
 91352 | Depths:1 | Found Uclua's Assorted Antiques.
 91542 | Depths:1 | Found Fiojuy's General Store.
 91557 | Depths:1 | Found Nityehij's Magic Scroll Emporium.
 91559 | Depths:1 | Found Qorhoer's Weapon Shoppe.
 91566 | Depths:1 | Bought a scroll of enchant armour for 82 gold pieces
 91566 | Depths:1 | Bought a scroll of enchant armour for 82 gold pieces
 91566 | Depths:1 | Bought a scroll of fear for 44 gold pieces
 91566 | Depths:1 | Bought a scroll of teleportation for 33 gold pieces
 91566 | Depths:1 | Bought 2 scrolls of magic mapping for 165 gold pieces
 91566 | Depths:1 | Bought a scroll of teleportation for 33 gold pieces
 91566 | Depths:1 | Bought a scroll of magic mapping for 82 gold pieces
 92615 | Depths:1 | Found a gateway to Hell.
 93780 | Depths:2 | Noticed a caustic shrike
 93786 | Depths:2 | Killed a caustic shrike
 95083 | Depths:2 | Noticed a golden dragon
 95336 | Depths:2 | Found a one-way gate leading to the halls of Pandemonium.
 95967 | Depths:2 | Reached skill level 5 in Evocations
 95985 | Depths:2 | Reached XP level 23. HP: 175/180 MP: 31/51
 97693 | Depths:3 | Identified the +2 hat of Duty {MP+9 Int+6}
 97832 | Depths:3 | Found Xezyuben's Firing Range.
 98232 | Depths:3 | Reached skill level 10 in Invocations
 99884 | Depths:3 | Found a one-way gate to the infinite horrors of the Abyss.
100000 | Depths:3 | Reached skill level 25 in Spellcasting
100343 | Depths:4 | Entered Level 4 of the Depths
100343 | Depths:4 | Noticed Vv
100491 | Depths:4 | Noticed Xtahua
100607 | Depths:4 | Noticed Saint Roka
100620 | Depths:4 | Killed Saint Roka
100621 | Depths:4 | Reached skill level 15 in Earth Magic
100870 | Depths:4 | Killed Xtahua
100878 | Depths:4 | Killed Vv
101864 | Depths:4 | Found a one-way gateway to a ziggurat.
102234 | Depths:4 | Found a gate to the Realm of Zot.
102362 | Depths:4 | Found a corrupted altar of Lugonu.
103267 | Slime:5  | Found the +8 demon trident "Rift" {distort, reach+}
103689 | Slime:5  | Found the amulet of the Air {Inacc Air Fly rElec RMsl}
104521 | Slime:4  | Acquired a staff of earth
104909 | Slime:5  | Killed the Royal Jelly
105516 | Slime:5  | Identified the +2 arbalest "Niplec" {vorpal, rElec rPois
                  | rN+ rCorr Int+3}
105520 | Slime:5  | Identified the ring of Dutuk {rCorr Str+3 Int+4}
105544 | Slime:5  | Identified the ring of Agaaxaoj {rN+ Will+}
105547 | Slime:5  | Got a slimy rune of Zot
105571 | Slime:5  | Identified the +1 ring mail "Xynonuh" {Will++ rCorr Str+4
                  | Dex+3}
105600 | Slime:5  | Identified the +4 trident "Heupot" {holy, Dex+3}
105687 | Slime:5  | Learned a level 4 spell: Iskenderun's Mystic Blast
105696 | Slime:5  | Learned a level 8 spell: Lehudib's Crystal Spear
106134 | Zot:1    | Entered Level 1 of the Realm of Zot
107655 | Zot:4    | Reached XP level 24. HP: 189/189 MP: 50/52
107713 | Zot:4    | Noticed an orb of fire
107719 | Zot:4    | Killed an orb of fire
107720 | Zot:4    | Reached skill level 26 in Spellcasting
108935 | Zot:3    | Identified the +8 quick blade of the Jester {freeze, rPois
                  | Will+ MP+9 Str+3}
109814 | Zot:1    | Found the +4 dragonskin cloak
109814 | Zot:1    | Noticed Tiamat
110548 | Zot:2    | Identified the +7 flail "Killer Klown's Bane" {antimagic,
                  | Contam rF+ rC+ Stlth+}
111685 | Zot:2    | Noticed a Killer Klown
111692 | Zot:2    | Noticed a Killer Klown
111702 | Zot:2    | Killed a Killer Klown
111798 | Zot:2    | Killed a Killer Klown
111892 | Zot:2    | Noticed a Killer Klown
111897 | Zot:2    | Killed a Killer Klown
112327 | Zot:1    | Killed Tiamat
112328 | Zot:1    | Reached skill level 10 in Shields
113225 | Zot:5    | Entered Level 5 of the Realm of Zot
116370 | Zot:4    | Reached XP level 25. HP: 185/198 MP: 13/53
117202 | Zot:5    | Reached skill level 27 in Spellcasting
118856 | Zot:5    | Noticed an ancient lich
118876 | Zot:5    | Killed an ancient lich
119332 | Zot:5    | Noticed an orb of fire
119334 | Zot:5    | Noticed an orb of fire
119334 | Zot:5    | Noticed an orb of fire
119335 | Zot:5    | Reached skill level 10 in Evocations
119343 | Zot:4    | Killed an orb of fire
119522 | Zot:5    | Noticed an orb of fire
119528 | Zot:5    | Killed an orb of fire
119559 | Zot:5    | Killed an orb of fire
119633 | Zot:5    | Noticed a Killer Klown
119638 | Zot:5    | Killed a Killer Klown
119642 | Zot:5    | Killed an orb of fire
119827 | Zot:5    | Noticed a Killer Klown
119835 | Zot:5    | Killed a Killer Klown
119837 | Zot:5    | Noticed an orb of fire
119846 | Zot:5    | Killed an orb of fire
120161 | Zot:5    | Noticed an orb of fire
120166 | Zot:5    | Killed an orb of fire
121230 | Zot:5    | Noticed a Killer Klown
121242 | Zot:5    | Killed a Killer Klown
122118 | Zot:5    | Got the Orb of Zot
122165 | Zot:2    | Noticed Jozieco the pandemonium lord
122601 | D:5      | Noticed Sozaw the pandemonium lord
122750 | D:$      | Escaped with the Orb!

Illustrated notes

Levels and vault maps discovered:
D:1:      dpeg_arrival_castle, layout_basic
D:2:      layout_basic, chequers_ecumenical_altar_lobes, minmay_tall_x,
          uniq_sigmund
D:3:      layout_basic, amcnicky_altar_gilded, minmay_bisected, uniq_jessica,
          uniq_robin
D:4:      layout_layer_cave, nicolae_hepliaklqana_hazy_memory,
          minmay_misc_feat_doors
D:5:      layout_loops_ring, led_sif_book,
          minmay_temple_entry_statues_fountains, grunt_decor_resistance,
          nicolae_shop_vocational
D:6:      layout_basic, ebering_ghost_disaster_area,
          nicolae_ossuary_entry_catacombs, uniq_edmund, uniq_grinder
D:7:      layout_basic, mainiacjoe_overflow_cross_hatched,
          minmay_tree_intersection, dk_noncrumbling_2,
          nicolae_kite_square_tiling_tiny, uniq_crazy_yiuf_cottage
D:8:      layout_cave_pools, mainiacjoe_overflow_small_starburst,
          kiku_gazebo_pond_becter, uniq_gastronok, uniq_joseph, uniq_pikel
D:9:      layout_irregular_city, orc_0_dummy
D:10:     layout_basic, mainiacjoe_overflow_large_starburst,
          erik_lair_orcish_takeover, uniq_josephine
D:11:     layout_loops_corners
D:12:     layout_cross
D:13:     layout_loops_ring, columned_hall_lemuel, yredelemnul_altar_generic
D:14:     layout_grid_maze, erik_vaults_1, moated_statue,
          onia_ninara_dug_in_and_dangerous
D:15:     hangedman_depths_entry_try_elsewhere_first, layout_basic,
          nicolae_dithmenos_the_darkroom, minmay_hidden_floor, uniq_rupert
Lair:1:   layout_regular_city, grunt_megastairs_2
Lair:2:   layout_loops_ring, nicolae_swamp_entry_splash_gauntlet,
          chequers_serial_rivers_room_a, lemuel_fruit_tree,
          infiniplex_staircase_pool, uniq_nergalle
Lair:3:   nzn_winding_woodlands_medium [nzn_winding_woodlands_hourglass,
          nzn_winding_woodlands_5x15_jagged, nzn_winding_woodlands_5x5_three,
          nzn_winding_woodlands_5x5_default,
          nzn_winding_woodlands_center_triple_pond,
          nzn_winding_woodlands_5x5_default,
          nzn_winding_woodlands_5x5_checkerboard,
          nzn_winding_woodlands_5x15_sawtooth,
          nzn_winding_woodlands_5x5_perimeter], layout_layer_cave,
          hellmonk_spider_entry_life_and_decay, gammafunk_ghost_split
Lair:4:   layout_roguey, grunt_forest_stairs_basic,
          nicolae_lair_run_with_the_wolves
Lair:5:   gammafunk_lair_ancient_temple, layout_gridlike,
          minmay_slime_entry_pillars, nicolae_volcano_entry_two_sided
Swamp:1:  layout_basic_swamp, serial_swamp_ruin, evilmike_swamp_ruin_house_4,
          evilmike_swamp_ruin_house_3, swamp_pool1
Swamp:2:  layout_basic_swamp, nicolae_swamp_very_dense_foliage
Swamp:3:  layout_falls_marsh, nicolae_swamp_some_circles
Swamp:4:  swamp_basic_johnstein, layout_basic_swamp
Spider:1: layout_spider_delve, uniq_nikola
Spider:2: layout_chambers, uniq_mlioglotl
Spider:3: layout_spider_delve, nicolae_spider_eight_legs
Spider:4: grunt_spider_rune_parallel, gammafunk_ghost_grave
Slime:1:  layout_caves
Slime:2:  layout_caves, nicolae_slime_phagocytosis
Slime:3:  layout_caves
Slime:4:  layout_caves
Slime:5
Orc:1:    layout_caves, hellmonk_ghost_happy_afterlife
Orc:2:    st_orc_ogre_mass, layout_diamond_mine, uniq_donald, uniq_urug
Elf:1:    eino_elf_arrival_customs, layout_loops_ring, gammafunk_ghost_cemetery,
          serial_shops, nicolae_shop_behind_doors, minmay_elf_annihilation,
          uniq_azrael
Elf:2:    nicolae_elf_blades_crystal_corner, layout_loops_corners, drop_trap
Elf:3:    nooodl_elf_gasket, layout_onion_city, minivault_13
Vaults:1: portal_desolation_entry_nicolae_nacl, v_misc_14, v_pattern_1,
          v_alt_pattern_6, vaults_room_fours, v_misc_25,
          vaults_standard_mumra_enter_the_diamond, ontoclasm_vaults_ring_square,
          st_lattice, vaults_room_large_hall, layout_vaults_maze_bifur,
          serial_shops, bzr_entry_water
Vaults:2: nicolae_vaults_c_with_doors, minmay_crypt_entry_necro_gods, v_misc_12,
          dpeg_vaults_monster_row, v_misc_8, ontoclasm_vaults_ring_square,
          grunt_vaults_twisty, v_alt_pattern_2,
          vaults_mumra_minichess_inversion, v_alt_pattern_5,
          ontoclasm_vaults_ligature, nicolae_vaults_shelves_hall,
          layout_vaults_omnicross
Vaults:3: vaults_dpeg_diagonal, nicolae_vaults_stairing_the_circle,
          nicolae_vaults_theta, nicolae_vaults_ring_of_whatevers,
          special_room_vaults [special_room_orc], vaults_room_pool, v_misc_2,
          ontoclasm_vaults_shuriken, hangedman_vaults_trim,
          nicolae_vaults_yaktaur_gun_rack, layout_vaults_chaotic_city
Vaults:4: grunt_vaults_diagonal, ontoclasm_vaults_ring_large, vaults_room_fours,
          v_misc_9, grunt_tower_of_power, grunt_vaults_trifunnel, v_misc_8,
          nicolae_vaults_little_squares_1, vaults_mumra_hex,
          nicolae_vaults_asterisk, ontoclasm_vaults_loading_screen,
          layout_vaults_omnibox, serial_shops, nicolae_shop_hallway_stairs
Crypt:1:  layout_rooms, minivault_11, grunt_crypt_arrival_split, uniq_margery,
          uniq_aizul
Crypt:2:  grunt_deathspiral_small, layout_regular_city, nzn_life_drinkers,
          uniq_mennas
Crypt:3:  quadcrypt_mu
Depths:1: layout_cave_pools, hell_entry, hangedman_abyss_or_decor_lesser_grid,
          serial_shops, nicolae_shop_advertising_works
          [nicolae_subvault_shop_adworks], nicolae_shop_overgrown_old_shop,
          hangedman_corner_corridor, kennysheep_random_hallway, minmay_shop_star
Depths:2: minmay_central_circle, layout_honeycomb, hell_entry,
          rand_demon_pan_entry_7, nicolae_figureground_sparkle
Depths:3: lemuel_troll_bridge, layout_small_grid, grunt_metal_band, abyss_entry,
          serial_sigils_hangedman_gut, nicolae_shop_firing_range, uniq_josephina
Depths:4: grunt_zot_entry_alcove, layout_cave_pools, enter_ziggurat_a,
          abyss_entry_flame_altar, grunt_hell_entry_dis_grunt,
          serial_bayou_shore_a, uniq_vv, uniq_xtahua, uniq_saint_roka
Zot:1:    layout_misc_corridors, uniq_tiamat
Zot:2:    circus_mu, layout_basic
Zot:3:    layout_concentric_octagons
Zot:4:    layout_misc_corridors, st_single_dragon_hoard_4, lemuel_elevator,
          grunt_megastairs_5
Zot:5:    layout_gridlike

Skill      XL: |  1  2  3  4  5  6  7  8  9 10 11 12 13 14 15 16 17 18 19 20 21 22 23 24 25 |
---------------+----------------------------------------------------------------------------+-----
Spellcasting   | 3 4 5 6 7 8 10 11 12 13 15 16 17 18 20 21 22 23 24 25 26 27 | 27.0
Fighting       | 1 2 3 4 5 7 8 9 10 11 13 14 15 16 17 18 19 20 21 22 23 25 | 25.4
Conjurations   | 2 4 5 6 7 8 9 10 11 12 | 12.0
Necromancy     | 5 6 |  6.1
Armour         | 2 3 4 5 6 7 8 9 10 11 12 | 12.0
Dodging        | 2 3 4 5 |  5.0
Stealth        | 2 3 5 |  5.0
Hexes          | 2 4 5 7 8 |  8.0
Transmutations | 1 3 5 6 7 |  7.1
Shields        | 3 5 6 7 8 9 10 | 10.0
Invocations    | 4 6 7 9 11 | 11.0
Earth Magic    | 3 7 9 11 12 14 15 | 15.0
Evocations     | 5 7 11 | 11.0

Action                   |  1- 3 |  4- 6 |  7- 9 | 10-12 | 13-15 | 16-18 | 19-21 | 22-24 | 25-27 || total
-------------------------+-------+-------+-------+-------+-------+-------+-------+-------+-------++-------
Melee: Unarmed           |     1 |       |       |       |       |       |       |       |       ||     1
       Dagger            |       |    25 |    23 |     7 |    16 |    15 |    49 |       |       ||   135
       Scimitar          |       |       |       |       |       |       |     4 |    26 |     1 ||    31
 Cast: Necrotise         |    78 |   124 |   152 |   163 |     1 |       |       |       |       ||   518
       Searing Ray       |       |     2 |    39 |    34 |    17 |     1 |       |       |       ||    93
       Vampiric Draining |       |       |     9 |     9 |     3 |       |    12 |       |       ||    33
       Animate Dead      |       |       |     1 |     1 |       |       |       |       |       ||     2
       Fulminant Prism   |       |       |     1 |    54 |   302 |   366 |    11 |     8 |       ||   742
       Irradiate         |       |       |       |    14 |    54 |    71 |    48 |    49 |     5 ||   241
       Magic Dart        |       |       |       |    35 |   370 |   214 |       |     1 |       ||   620
       Yara's Violent Un |       |       |       |       |       |    30 |    16 |    19 |     1 ||    66
       Borgnjor's Vile C |       |       |       |       |       |    82 |   129 |   150 |    13 ||   374
       Iron Shot         |       |       |       |       |       |    11 |   148 |   537 |   126 ||   822
       Stone Arrow       |       |       |       |       |       |    45 |    52 |       |       ||    97
       Lee's Rapid Decon |       |       |       |       |       |       |   503 |   181 |    16 ||   700
       Lehudib's Crystal |       |       |       |       |       |       |       |       |     4 ||     4
Invok: Recall Ancestor   |       |       |     5 |     7 |    18 |    21 |    12 |    29 |     5 ||    97
       Ancestor Life: Ba |       |       |     1 |       |       |       |       |       |       ||     1
       Idealise          |       |       |       |       |     2 |     3 |     3 |     7 |     9 ||    24
Evoke: Wand              |       |       |       |     3 |     6 |     4 |       |     8 |     5 ||    26
       Phantom mirror    |       |       |       |       |       |       |     1 |     2 |     1 ||     4
       Tin of tremorston |       |       |       |       |       |       |       |     4 |     1 ||     5
       Box of beasts     |       |       |       |       |       |       |       |     2 |       ||     2
       Condenser vane    |       |       |       |       |       |       |       |     2 |       ||     2
       Phial of floods   |       |       |       |       |       |       |       |     1 |       ||     1
  Use: Scroll            |     2 |       |     4 |    12 |     8 |    13 |     5 |    19 |     3 ||    66
 Stab: Distracted        |       |     1 |       |       |       |       |       |       |       ||     1
       Sleeping          |       |       |     3 |       |       |       |       |       |       ||     3
Armor: Robe              |     4 |    21 |    26 |    30 |    39 |    92 |       |       |       ||   212
       Ring mail         |       |       |       |       |       |     4 |    95 |   152 |    21 ||   272
Dodge: Dodged            |    29 |    36 |    44 |    69 |   111 |   122 |   101 |   149 |    20 ||   681
Block: Other             |       |    12 |    19 |    21 |    27 |       |       |       |       ||    79
       Reflection        |       |       |     3 |     1 |     5 |    32 |    42 |    11 |     2 ||    96
       Kite shield       |       |       |       |       |    46 |   105 |   168 |   181 |    43 ||   543

Table legend: (Time is in decaauts)
 A = Elapsed time spent in this place.
 B = Non-inter-level travel time spent in this place.
 C = Inter-level travel time spent in this place.
 D = Time resting spent in this place.
 E = Time spent auto-exploring this place.
 F = Levels seen in this place.
 G = Mean time per level.
                   A        B        C        D        E       F      G
               +--------+--------+--------+--------+--------+-----+--------+
         Total | 123451 | 114127 |   9324 |  47076 |  46659 |  56 | 2204.5 |
       Dungeon |  22916 |  20167 |   2749 |   3999 |  13000 |  15 | 1527.7 |
          Lair |  10896 |   9556 |   1340 |   3218 |   5013 |   5 | 2179.2 |
         Swamp |   5516 |   5198 |    318 |   1539 |   2692 |   4 | 1379.0 |
   Spider Nest |   9680 |   8336 |   1344 |   3363 |   3600 |   4 | 2420.0 |
    Slime Pits |   8453 |   7919 |    534 |   4365 |   1989 |   5 | 1690.6 |
  Orcish Mines |   3328 |   2978 |    350 |   1381 |   1014 |   2 | 1664.0 |
   Elven Halls |   7946 |   7527 |    419 |   2301 |   3585 |   3 | 2648.7 |
        Vaults |  14493 |  13840 |    653 |   7312 |   4380 |   4 | 3623.2 |
         Crypt |  11354 |  11147 |    207 |   5345 |   4194 |   3 | 3784.7 |
        Depths |  11882 |  11390 |    492 |   5383 |   4258 |   4 | 2970.5 |
           Zot |  16130 |  15216 |    914 |   8713 |   2566 |   5 | 3226.0 |
       Ossuary |    759 |    759 |      0 |    155 |    349 |   1 |  759.0 |
       Volcano |     94 |     94 |      0 |      2 |     18 |   1 |   94.0 |
               +--------+--------+--------+--------+--------+-----+--------+

Top non-repeatable levels by time:
Vaults:2: 4691 daAuts
 Crypt:2: 4409 daAuts
   Zot:5: 4368 daAuts
   Elf:3: 4081 daAuts
 Crypt:3: 3802 daAuts
Vaults:3: 3693 daAuts
   Zot:2: 3686 daAuts
Vaults:1: 3629 daAuts
Depths:1: 3587 daAuts
Depths:2: 3570 daAuts
  Lair:5: 3402 daAuts
Depths:3: 3395 daAuts
   Zot:4: 3213 daAuts
 Crypt:1: 3142 daAuts
   Zot:3: 3017 daAuts
